 Dungeon Crawl Stone Soup version 0.31-a0-1278-g11c5b68f87 (webtiles) character file.

Game seed: 15058664622496451035

19 gelatine the Trooper (level 2, 0/24 HPs)
             Began as a Demonspawn Fighter on Dec 18, 2023.
             Slain by Terence
             ... wielding a +0 flail of holy wrath
              (3 damage)
             ... on level 2 of the Dungeon.
             The game lasted 00:01:21 (835 turns).

gelatine the Trooper (Demonspawn Fighter)            Turns: 835, Time: 00:01:21

Health: 0/24       AC:  6    Str: 16    XL:     2   Next: 55%
Magic:  2/2        EV:  8    Int:  8    God:
Gold:   52         SH:  4    Dex: 12    Spells: 1/1 levels left

rFire   . . .        a - +0 war axe
rCold   . . .        c - +0 buckler
rNeg    . . .        b - +0 scale mail
rPois   .            (no helmet)
rElec   .            (no cloak)
rCorr   .            (no gloves)
SInv    .            (no boots)
Will    .....        (no amulet) Stlth
                     (no ring)
HPRegen 0.24/turn    (no ring)
MPRegen 0.08/turn

%: no passive effects
@: mighty
A: hooves 1
a: no special abilities


You were on level 2 of the Dungeon.
You visited 1 branch of the dungeon, and saw 2 of its levels.

You collected 52 gold pieces.

Inventory:

Hand Weapons
 a - a +0 war axe (weapon)
Armour
 b - a +0 scale mail (worn)
 c - a +0 buckler (worn)
Scrolls
 g - 2 scrolls of identify {unknown}
 h - a scroll of teleportation {unknown}
Potions
 d - a potion of might
 e - a potion of haste {unknown}
 f - 2 potions of berserk rage {unknown}
 i - a potion of curing {unknown}


   Skills:
 * Level 3.1 Fighting
 + Level 2.3 Axes
 * Level 2.9 Armour
 * Level 2.8 Shields


You had one spell level left.
You didn't know any spells.
Your spell library was empty.

Dungeon Overview and Level Annotations

Branches:
Dungeon (2/15)

Altars:

Annotations:
D:2 Terence


Innate Abilities, Weirdness & Mutations

You have large cloven feet.


Message History

You kill the dart slug!
A hobgoblin comes into view.
The hobgoblin shouts!
You hit the hobgoblin.
The hobgoblin is moderately wounded.
The hobgoblin hits you.
The hobgoblin hits you but does no damage.
You hit the hobgoblin but do no damage.
The hobgoblin is moderately wounded.
The hobgoblin barely misses you.
You hit the hobgoblin. Your kick misses the hobgoblin.
The hobgoblin is severely wounded.
You block the hobgoblin's attack.
The hobgoblin hits you but does no damage.
You barely miss the hobgoblin. Your kick misses the hobgoblin.
The hobgoblin is heavily wounded.
You block the hobgoblin's attack.
You hit the hobgoblin.
You kill the hobgoblin!
Terence the Incautious comes into view.
He is wielding a +0 flail of holy wrath.
Terence shouts!
Terence shouts, "Get ready for death!"
Terence is nearby!
Terence says, "Rest in peace."
Okay, then.
You feel very mighty all of a sudden.
A kobold comes into view. It is wielding a +0 short sword.
The kobold shouts!
You slash Terence!
Terence is heavily wounded.
Terence hits you with a +0 flail of holy wrath!
You convulse!
* * * LOW HITPOINT WARNING * * *
A dart slug comes into view.
You barely miss Terence.
Terence is heavily wounded.
Terence hits you but does no damage.
Terence hits you with a +0 flail of holy wrath.
You die...
Terence says, "That felt goooood."

###### ##....## ##
#..#...### #...
##.##.#...#...#.
#..#....#...#...
###.##.#..@.#....
##...#.....#@.?#...
#####..###.#.#.......#.
##.....###.......#.#....
#.....####.#...#...K.#..
.............#....#....#
........##.#...#w....# .
........# .......#.#...
#.......#


You could see Terence, a dart slug and a kobold.

Vanquished Creatures
  A dart slug (D:2)
  An endoplasm (D:1)
  5 hobgoblins
  A bat (D:2)
  3 kobolds
  6 rats
17 creatures vanquished.

Notes
Turn   | Place    | Note
-------+----------+-------------------------------------------
     0 | D:1      | gelatine the Demonspawn Fighter began the quest for the
                  | Orb.
     0 | D:1      | Reached XP level 1. HP: 18/18 MP: 1/1
   215 | D:1      | Found a faded altar of an unknown god.
   608 | D:2      | Gained mutation: You have large cloven feet. [demonic
                  | ancestry]
   608 | D:2      | Reached XP level 2. HP: 15/24 MP: 2/2
   830 | D:2      | Noticed Terence
   835 | D:2      | Slain by Terence

Illustrated notes

Levels and vault maps discovered:
D:1:      dpeg_arrival_long_road, layout_loops_cross,
          dilly_ecumenical_altar_fadedgnrine
D:2:      layout_rooms, nicolae_kite_square_tiling_tiny, uniq_terence

Skill      XL: |  1 |
---------------+----+-----
Axes           | 2 |  2.3
Fighting       | |  3.1
Armour         | |  2.9
Shields        | |  2.8

Action                     || total
---------------------------++-------
  Melee: War axe           ||    42
         Kick              ||     5
    Use: Potion            ||     1
 Armour: Scale mail        ||    36
  Dodge: Dodged            ||    15
  Block: Buckler           ||     7

Table legend: (Time is in decaauts)
 A = Elapsed time spent in this place.
 B = Non-inter-level travel time spent in this place.
 C = Inter-level travel time spent in this place.
 D = Time resting spent in this place.
 E = Time spent auto-exploring this place.
 F = Levels seen in this place.
 G = Mean time per level.
                   A        B        C        D        E       F      G
               +--------+--------+--------+--------+--------+-----+--------+
         Total |    853 |    837 |     16 |      0 |    704 |   2 |  426.5 |
       Dungeon |    853 |    837 |     16 |      0 |    704 |   2 |  426.5 |
               +--------+--------+--------+--------+--------+-----+--------+

Top non-repeatable levels by time:
     D:1: 595 daAuts
     D:2: 257 daAuts
